 Dungeon Crawl Stone Soup version 0.25-a0-730-g633e9c3 (webtiles) character file.

Game seed: 8804175566620433718, levelgen mode: deterministic

163 BlueFish the Magician (level 5, -2/37 HPs)
             Began as a Mummy Enchanter on Apr 7, 2020.
             Slain by a goblin (4 damage)
             ... led by Robin
             ... on level 3 of the Dungeon.
             The game lasted 00:08:06 (3921 turns).

BlueFish the Magician (Mummy Enchanter)             Turns: 3921, Time: 00:08:07

Health: -2/37      AC:  2    Str: 11    XL:     5   Next: 20%
Magic:  3/11       EV: 12    Int: 16    God:
Gold:   62         SH:  0    Dex: 12    Spells: 3/12 levels left

rFire    x . .     SeeInvis .   c - +0 whip (flame)
rCold    + + .     Gourm    .   (no shield)
rNeg     + + +     Faith    .   b - +0 robe
rPois    ∞         Spirit   .   (no helmet)
rElec    .         Reflect  .   e - scarf {repulsion}
rCorr    .         Harm     .   (no gloves)
MR       .....                  (no boots)
Stlth    ++........             (no amulet)
HPRegen  0.12/turn              d - ring of protection from cold
MPRegen  0.12/turn              (no ring)

@: about to teleport, repel missiles
A: no food or potions, fire vulnerability, cold resistance 1, negative energy
resistance 3, torment resistance, unbreathing
a: no special abilities


You were on level 3 of the Dungeon.
You were not hungry.

You visited 1 branch of the dungeon, and saw 3 of its levels.

You collected 62 gold pieces.

Inventory:

Hand Weapons
 a - a +1 dagger
 c - a +0 whip of flaming (weapon)
 i - a +0 dagger of venom
Armour
 b - a +0 robe (worn)
 e - a scarf of repulsion (worn)
Jewellery
 d - a ring of protection from cold (left hand)
Scrolls
 f - 2 scrolls of immolation
 h - 2 scrolls of amnesia {unknown}


   Skills:
 * Level 1.2 Fighting
 + Level 0.7 Short Blades
 + Level 1.1 Maces & Flails
 * Level 1.9 Dodging
 * Level 3.0 Stealth
 * Level 4.0 Spellcasting
 * Level 3.6 Hexes


You had 3 spell levels left.
You knew the following spells:

 Your Spells              Type           Power        Failure   Level  Hunger
a - Corona                Hex            ###....      3%          1    N/A
b - Ensorcelled Hibernat  Hex/Ice        #.....       12%         2    N/A
c - Tukima's Dance        Hex            ###.....     11%         3    N/A
d - Dazzling Flash        Conj/Hex       #.....       24%         3    N/A

Your spell library contained the following spells:

 Spells                   Type           Power        Failure   Level  Hunger
 Confusing Touch          Hex            ###.....     11%         3    N/A

Dungeon Overview and Level Annotations

Branches:
Dungeon (3/15)

Altars:

Annotations:
D:3 Grinder, Robin


Innate Abilities, Weirdness & Mutations

You do not eat or drink.
Your flesh is vulnerable to fire.
You are immune to poison.
Your flesh is cold resistant. (rC+)
You are immune to negative energy. (rN+++)
You are immune to unholy pain and torment.
You can survive without breathing.


Message History

* * * LOW HITPOINT WARNING * * *
As you read the scroll of teleportation, it crumbles to dust.
You feel strangely unstable.
The goblin no longer looks unusually strong.
The goblin closely misses you. The goblin hits you.
* * * LOW HITPOINT WARNING * * *
You hit Robin. You burn Robin.
Robin is severely wounded.
Robin roars a battlecry!
The goblin goes into a battle-frenzy!
The goblin barely misses you. x2
You barely miss Robin.
Robin is severely wounded.
Your surroundings seem slightly different.
Robin throws the goblin at you!
* * * LOW HITPOINT WARNING * * *
The goblin barely misses you.
As you read the scroll of teleportation, it crumbles to dust.
You feel strangely unstable. The goblin barely misses you. The goblin hits you.
You die...

.# ##..##........#.# #.
## #......).##### ...
####.......# #.#
#....#####†# #.# #....#
###.### #.# #...##
#§)...# #.# ##.##
#..g..# ####.#### #..#
#.g...# #.......# ##.#
#..@..# ###.##.##.# #.#
#..g..# #......##.# #.#
####### #.#.#####.# #.#
#.#.#####.# #.#
#.#...<...#
#.############.#########
#.#............#
#.......#...#..#
###.##..#...#..#


You could see Robin and 2 goblins.

Vanquished Creatures
  Jessica (D:2)
  Terence (D:2)
  4 adders
  2 oozes (D:1)
  2 worms
  2 dart slugs
  A leopard gecko (D:3)
  5 giant cockroaches
  17 goblins
  4 hobgoblins
  4 jackals
  A quokka (D:2)
  A ball python (D:1)
  3 bats
  A frilled lizard (D:2)
  4 kobolds
  4 rats (D:1)
57 creatures vanquished.

Vanquished Creatures (collateral kills)
  3 goblins
3 creatures vanquished.

Vanquished Creatures (others)
  4 dancing weapons
4 creatures vanquished.

Grand Total: 64 creatures vanquished

Notes
Turn   | Place    | Note
-------+----------+-------------------------------------------
     0 | D:1      | BlueFish the Mummy Enchanter began the quest for the Orb.
     0 | D:1      | Reached XP level 1. HP: 13/13 MP: 4/4
   172 | D:1      | Reached skill level 3 in Spellcasting
   616 | D:1      | Reached XP level 2. HP: 12/19 MP: 4/6
   620 | D:1      | Learned a level 2 spell: Ensorcelled Hibernation
  1107 | D:1      | Reached XP level 3. HP: 24/24 MP: 3/7
  1112 | D:1      | Learned a level 3 spell: Tukima's Dance
  1515 | D:2      | Noticed Jessica
  1524 | D:2      | Killed Jessica
  1524 | D:2      | Reached skill level 1 in Maces & Flails
  1524 | D:2      | Reached XP level 4. HP: 10/31 MP: 0/9
  1756 | D:2      | Learned a level 3 spell: Dazzling Flash
  2005 | D:2      | Noticed Terence
  2019 | D:2      | Killed Terence
  2019 | D:2      | Reached skill level 1 in Fighting
  2870 | D:3      | HP: 1/32 [adder (2)]
  3214 | D:3      | Reached XP level 5. HP: 33/37 MP: 7/10
  3568 | D:3      | Noticed Grinder
  3577 | D:3      | Paralysed by Grinder for 4 turns
  3582 | D:3      | HP: 1/37 [Grinder (7)]
  3855 | D:3      | Reached skill level 4 in Spellcasting
  3894 | D:3      | Noticed Robin
  3921 | D:3      | Slain by a goblin

Levels and vault maps discovered:
D:1:      doesnt_arrival_eight_statues, layout_rooms, roderic_serpentine_path
D:2:      layout_loops_ring, first_ration, corexii_corridor_pit, minmay_cut_off,
          uniq_jessica, uniq_terence
D:3:      layout_loops_cross, chequers_ecumenical_altar_lobes, uniq_grinder,
          uniq_robin

Skill      XL: |  1  2  3  4  5 |
---------------+----------------+-----
Spellcasting   | 3 4 |  4.0
Hexes          | 3 |  3.6
Maces & Flails | 1 |  1.1
Fighting       | 1 |  1.2
Stealth        | 3 |  3.0
Short Blades   | |  0.7
Dodging        | |  1.9

Action                   |  1- 3 |  4- 6 || total
-------------------------+-------+-------++-------
Melee: Whip              |    75 |   131 ||   206
       Dagger            |     7 |       ||     7
 Cast: Corona            |    36 |    32 ||    68
       Tukima's Dance    |     1 |    13 ||    14
       Dazzling Flash    |       |     3 ||     3
  Use: Scroll            |     1 |     5 ||     6
 Stab: Sleeping          |       |     2 ||     2
       Distracted        |       |     1 ||     1
Armor: Robe              |    14 |    20 ||    34
Dodge: Dodged            |    48 |    86 ||   134

Table legend:
 A = Non-vault XP
 B = Vault XP
 C = Vault XP percentage of total XP
 D = Non-vault monster count
 E = Vault monster count
 F = Vault count percentage of total count
                 A         B        C        D         E       F
            +---------+---------+-------+---------+---------+-------
      Total |     141 |      92 |  39.5 |      44 |      16 |  26.7
            +---------+---------+-------+---------+---------+-------
        D:1 |      43 |       0 |   0.0 |      20 |       0 |   0.0
        D:2 |      60 |      76 |  55.9 |      18 |       6 |  25.0
        D:3 |      38 |      16 |  29.6 |       6 |      10 |  62.5
            +---------+---------+-------+---------+---------+-------
